 Dungeon Crawl Stone Soup version 0.28-a0-1339-ga5422284a4 (webtiles) character file.

Game seed: 13919251286671632456

9 SensoryNuts the Skirmisher (level 2, 22/24 HPs)
             Began as a Demonspawn Fighter on Dec 28, 2021.
             Quit the game on level 1 of the Dungeon.
             The game lasted 00:00:17 (318 turns).

SensoryNuts the Skirmisher (Demonspawn Fighter)      Turns: 318, Time: 00:00:18

Health: 22/24      AC:  6    Str: 16    XL:     2   Next: 3%
Magic:  2/2        EV:  9    Int:  9    God:
Gold:   24         SH:  4    Dex: 12    Spells: 1/1 levels left

rFire   . . .      SeeInvis .   a - +0 long sword
rCold   . . .      Faith    .   c - +0 buckler
rNeg    . . .      Spirit   .   b - +0 scale mail
rPois   .          Reflect  .   (helmet restricted)
rElec   .          Harm     .   (no cloak)
rCorr   .          Rampage  .   (no gloves)
Will    .....                   (no boots)
Stlth   ..........              (no amulet)
HPRegen 0.08/turn               (no ring)
MPRegen 0.08/turn               (no ring)

@: no status effects
A: antennae 1
a: no special abilities


You were on level 1 of the Dungeon.
You visited 1 branch of the dungeon, and saw 1 of its levels.

You collected 24 gold pieces.

Inventory:

Hand Weapons
 a - a +0 long sword (weapon)
Armour
 b - a +0 scale mail (worn)
 c - a +0 buckler (worn)
Scrolls
 e - 2 scrolls of amnesia {unknown}
Potions
 d - a potion of might
 f - a potion of curing {unknown}
 g - a potion of magic {unknown}


   Skills:
 + Level 3.1 Fighting
 + Level 1.8 Long Blades
 + Level 2.9 Armour
 + Level 2.8 Shields


You had one spell level left.
You didn't know any spells.
Your spell library contained the following spells:

 Spells                   Type           Power      Damage    Failure   Level
 Airstrike                Air            0%         N/A       100%        4
 Summon Lightning Spire   Summ/Air       0%         N/A       100%        4
 Lightning Bolt           Conj/Air       0%         1d11      100%        5


Dungeon Overview and Level Annotations

Branches:
Dungeon (1/15)

Altars:


Innate Abilities, Weirdness & Mutations

You have a pair of small antennae on your head.


Message History

f - a silvery potion An endoplasm comes into view.
The endoplasm quivers.
An endoplasm is nearby!
Found 2 boomerangs.
The endoplasm hits you but does no damage.
You slash the endoplasm!
You kill the endoplasm!
You have reached level 2!
You feel monstrous as your demonic heritage exerts itself.
Your demonic ancestry asserts itself...
A pair of antennae grows on your head!
g - a golden potion You now have 24 gold pieces (gained 7).
A rat comes into view.
A rat is nearby!
A rat is nearby!
A rat is nearby!
Found a whip and a scroll labelled NEDIUP OS OXIURA.
You barely miss the rat. The rat bites you but does no damage.
You barely miss the rat. You block the rat's attack.
You closely miss the rat. You block the rat's attack.
The rat bites you but does no damage.
You closely miss the rat. The rat bites you but does no damage.
You barely miss the rat. The rat bites you.
You slash the rat!
You kill the rat!
No target in view!
No target in view!
No target in view!
No target in view!
No target in view!
No target in view!
No target in view!
No target in view!
No target in view!
No target in view!
No target in view!
No target in view!
Are you sure you want to abandon this character and quit the game? (Confirm with "yes".)

#.....###.# #.#.###..##
... #.# #...##.### ...
#.# ##.#.###..## ..###
#># #......###.# ....#
#.# #..#.###..## ....#
#.# #..#.###..## ...
#.###..#.#.....##†#
#.##.......#....@.#
.........#..............
.........#..#.###..##.#.
#.............. ..#
#...........### ).#
...........## ...
##.##...##.# .?.#
...........# ....
.######...


There were no monsters in sight!

Vanquished Creatures
  3 endoplasms (D:1)
  A giant cockroach (D:1)
  A goblin (D:1)
  A ball python (D:1)
  A bat (D:1)
  A rat (D:1)
8 creatures vanquished.

Notes
Turn   | Place    | Note
-------+----------+-------------------------------------------
     0 | D:1      | SensoryNuts the Demonspawn Fighter began the quest for the
                  | Orb.
     0 | D:1      | Reached XP level 1. HP: 18/18 MP: 1/1
   268 | D:1      | Discovered your monstrous ancestry.
   268 | D:1      | Gained mutation: You have a pair of small antennae on your
                  | head. [demonic ancestry]
   268 | D:1      | Reached XP level 2. HP: 24/24 MP: 2/2
   318 | D:1      | Quit the game

Illustrated notes

Levels and vault maps discovered:
D:1:      onia_arrival_mini_maze_b, layout_basic,
          hellmonk_ecumenical_altar_run_dry, grunt_decor_resistance

Action                   || total
-------------------------++-------
Melee: Long sword        ||    14
Armor: Scale mail        ||     8
Dodge: Dodged            ||     2
Block: Buckler           ||     3

Table legend: (Time is in decaauts)
 A = Elapsed time spent in this place.
 B = Non-inter-level travel time spent in this place.
 C = Inter-level travel time spent in this place.
 D = Time resting spent in this place.
 E = Time spent auto-exploring this place.
 F = Levels seen in this place.
 G = Mean time per level.
                   A        B        C        D        E       F      G
               +--------+--------+--------+--------+--------+-----+--------+
         Total |    323 |    323 |      0 |      0 |    282 |   1 |  323.0 |
       Dungeon |    323 |    323 |      0 |      0 |    282 |   1 |  323.0 |
               +--------+--------+--------+--------+--------+-----+--------+

Top non-repeatable levels by time:
     D:1: 323 daAuts
